 Dungeon Crawl Stone Soup version 0.30.0-29-ga12c61a403 (webtiles) character file.

Game seed: 13338195273092867856

85515 GimliDwarf the Martial Artist (level 15, -15/115 HPs)
             Began as a Gnoll Wanderer on June 14, 2023.
             Was a Priest of Yredelemnul.
             Demolished by an orc warlord
             ... wielding a +2 dire flail
              (43 damage)
             ... on level 1 of the Orcish Mines.
             The game lasted 01:49:39 (21027 turns).

GimliDwarf the Martial Artist (Gnoll Wanderer)     Turns: 21027, Time: 01:49:40

Health: -15/115    AC: 19    Str: 13    XL:     15   Next: 84%
Magic:  11/29      EV: 21    Int: 19    God:    Yredelemnul [***...]
Gold:   1647       SH:  0    Dex: 24    Spells: 3/35 levels left

rFire   + . .        E - +9 quarterstaff "Tolump" {elec, Dex+5}
rCold   . . .        (shield currently unavailable)
rNeg    + . .        W - +2 robe {Will+}
rPois   .            b - +2 helmet
rElec   .            B - +0 cloak of Immorality {rF+ rN+ Dex+3 Slay+3}
rCorr   .            T - +0 pair of fencer's gloves {Riposte Dex+3}
SInv    .            (no boots)
Will    ++...        K - amulet of the acrobat
Stlth   ++++++       t - ring of Qufafukeok {AC+4 Str+3}
HPRegen 0.39/turn    Z - ring of wizardry
MPRegen 0.21/turn

%: acrobat, wizardry (x1)
@: mighty, brilliant, forested, invisible
A: fangs 1, strong nose, distributed training, iridescent scales 2, camouflage
1, MP-powered wands
a: Renounce Religion, Recall Undead Harvest, Dark Bargain


You were on level 1 of the Orcish Mines.
You worshipped Yredelemnul.
Yredelemnul was aware of your devotion.
You visited 4 branches of the dungeon, and saw 19 of its levels.
You also visited: Volcano.

You collected 1816 gold pieces.
You spent 169 gold pieces at shops.

Inventory:

Hand Weapons
 a - the +9 sling of the Mashing Visionary {speed, Contam rPois rCorr}
   (You took it off a hobgoblin on level 4 of the Dungeon)

   rPois:     It protects you from poison.
   Contam:    It causes magical contamination when unequipped.
   rCorr:     It protects you from acid and corrosion.
 E - the +9 quarterstaff "Tolump" (weapon) {elec, Dex+5}
   (You took it off a deep elf pyromancer on level 7 of the Dungeon)

   Dex:       It affects your dexterity (+5).
 L - a +5 great sword
 P - a +3 longbow of flaming
 Q - a +0 demon blade of flaming
Armour
 b - a +2 helmet (worn)
 B - the +0 cloak of Immorality (worn) {rF+ rN+ Dex+3 Slay+3}
   (You found it on level 5 of the Dungeon)

   Dex:       It affects your dexterity (+3).
   Slay:      It affects your accuracy & damage with ranged weapons and melee
   (+3).
   rF:        It protects you from fire.
   rN:        It protects you from negative energy.
 T - the +0 pair of fencer's gloves (worn) {Riposte Dex+3}
   (You acquired it on level 5 of the Lair of Beasts)

   Riposte:   It allows the wearer to riposte with melee weapons, swiftly
   retaliating against missed or blocked melee attacks.
   Dex:       It affects your dexterity (+3).
 W - a +2 robe of willpower (worn)
Magical Staves
 n - the staff of poison "Nuriat" {Drain rPois rN+ rCorr Str+5}
   (You found it on level 5 of the Lair of Beasts)

   [staff of poison]

   Base accuracy: +5 Base damage: 5 Base attack delay: 1.2 This weapon's minimum
   attack delay (0.6) is reached at skill level 12.
   Str:       It affects your strength (+5).
   rPois:     It protects you from poison.
   rN:        It protects you from negative energy.
   rCorr:     It protects you from acid and corrosion.
   Drain:     It drains your maximum health when unequipped.
   It falls into the 'Staves' category.
   It is a one-handed weapon.
 O - a staff of conjuration
 V - the staff of cold "Leseun" {Fly rC+ Int-3 Stlth+}
   (You found it on level 2 of the Lair of Beasts)

   [staff of cold]

   Base accuracy: +5 Base damage: 5 Base attack delay: 1.2 This weapon's minimum
   attack delay (0.6) is reached at skill level 12.
   Int:       It affects your intelligence (-3).
   rC:        It protects you from cold.
   Fly:       It grants you flight.
   Stlth:     It makes you more stealthy.
   It falls into the 'Staves' category.
   It is a one-handed weapon.
Jewellery
 h - the ring of Yendor {rPois rC+ Stlth+}
   (You found it on level 2 of the Lair of Beasts)

   [ring of poison resistance]

   rC:        It protects you from cold.
   rPois:     It protects you from poison.
   Stlth:     It makes you more stealthy.
 t - the ring of Qufafukeok (left hand) {AC+4 Str+3}
   (You took it off a deep elf pyromancer on level 7 of the Dungeon)

   [ring of protection]

   AC:        It affects your AC (+4).
   Str:       It affects your strength (+3).
 u - a ring of see invisible
 K - an amulet of the acrobat (around neck)
 M - a +4 ring of slaying
 Z - a ring of wizardry (right hand)
Wands
 f - a wand of digging (7)
 k - a wand of iceblast (2)
 m - a wand of flame (26)
 C - a wand of mindburst (5)
 R - a wand of light (4)
 U - a wand of charming (3)
Scrolls
 c - 3 scrolls of blinking
 e - 4 scrolls of fog
 i - a scroll of poison
 o - 3 scrolls of amnesia
 y - 2 scrolls of teleportation
 z - a scroll of enchant armour
 D - a scroll of silence
 H - 2 scrolls of fear
 Y - a scroll of torment {unknown}
Potions
 g - a potion of heal wounds
 j - 6 potions of curing
 p - 5 potions of flight
 q - 2 potions of lignification
 r - 3 potions of brilliance
 s - a potion of berserk rage
 v - 2 potions of haste
 w - a potion of invisibility
 x - 2 potions of might
 G - a potion of cancellation
 I - a potion of ambrosia
Miscellaneous
 F - a box of beasts
 N - a phantom mirror
 S - a lightning rod (4/4)


   Skills:
 + Level 10.3 Fighting
 + Level 10.3 Short Blades
 + Level 10.3 Long Blades
 + Level 10.3 Axes
 + Level 10.3 Maces & Flails
 + Level 10.3 Polearms
 + Level 10.3 Staves
 + Level 10.3 Ranged Weapons
 + Level 10.3 Throwing
 + Level 10.3 Armour
 + Level 10.3 Dodging
 + Level 10.3 Stealth
 + Level 10.6 Shields
 + Level 12.1 Unarmed Combat
 + Level 10.7 Spellcasting
 + Level 8.6 Conjurations
 + Level 8.6 Hexes
 + Level 8.6 Summonings
 + Level 8.6 Necromancy
 + Level 8.6 Translocations
 + Level 8.6 Transmutations
 + Level 8.6 Fire Magic
 + Level 8.6 Ice Magic
 + Level 11.1 Air Magic
 + Level 8.6 Earth Magic
 + Level 8.6 Poison Magic
 + Level 11.2 Invocations
 + Level 10.6 Evocations


You had 3 spell levels left.
You knew the following spells:

 Your Spells              Type           Power      Damage    Failure   Level
a - Borgnjor's Vile Clut  Necr/Erth      29%        N/A       2%          5
b - Summon Forest         Summ/Tloc      29%        N/A       2%          5
c - Anguish               Hex/Necr       29%        N/A       1%          4
d - Vampiric Draining     Necr           59%        2d10      1%          3
e - Sticky Flame          Conj/Fire      59%        2d7       1%          4
f - Flame Wave            Conj/Fire      59%        2d14      1%          4
g - Freezing Cloud        Conj/Ice/Air   31%        6-21      1%          5
h - Scorch                Fire           100%       2d9       1%          2

Your spell library contained the following spells:

 Spells                   Type           Power      Damage    Failure   Level
 Foxfire                  Conj/Fire      100%       2x1d9     1%          1
 Sandblast                Erth           100%       2d20      1%          1
 Shock                    Conj/Air       100%       1d9       1%          1
 Slow                     Hex            100%       N/A       1%          1
 Blink                    Tloc           100%       N/A       1%          2
 Cigotuvi's Dreadful Rot  Necr/Pois/Air  100%       N/A       1%          2
 Ensorcelled Hibernation  Hex/Ice        100%       N/A       1%          2
 Passwall                 Tmut/Erth      49%        N/A       1%          2
 Poisonous Vapours        Pois/Air       100%       N/A       1%          2
 Confusing Touch          Hex            59%        N/A       1%          3
 Inner Flame              Hex/Fire       59%        N/A       1%          3
 Mephitic Cloud           Conj/Pois/Air  62%        N/A       1%          3
 Ozocubu's Armour         Ice            59%        N/A       1%          3
 Spider Form              Tmut/Pois      59%        N/A       1%          3
 Stone Arrow              Conj/Erth      100%       3d13      1%          3
 Animate Armour           Summ/Erth      100%       N/A       1%          4
 Manifold Assault         Tloc           59%        N/A       1%          4
 Petrify                  Tmut/Erth      59%        N/A       1%          4
 Summon Ice Beast         Ice/Summ       59%        N/A       1%          4
 Metabolic Englaciation   Hex/Ice        29%        N/A       2%          5
 Summon Mana Viper        Hex/Summ       59%        N/A       2%          5
 Yara's Violent Unravell  Hex/Tmut       29%        3d12      2%          5
 Statue Form              Tmut/Erth      39%        N/A       12%         6
 Summon Cactus Giant      Summ           29%        N/A       12%         6
 Storm Form               Tmut/Air       32%        N/A       36%         7
 Enfeeble                 Hex            29%        N/A       52%         7
 Monstrous Menagerie      Summ           29%        N/A       52%         7
 Ozocubu's Refrigeration  Ice            29%        4d14      52%         7
 Lehudib's Crystal Spear  Conj/Erth      29%        10d8      99%         8
 Animate Dead             Necr           Unusable   N/A       N/A         4
 Death Channel            Necr           Unusable   N/A       N/A         6

Dungeon Overview and Level Annotations

Branches:
Dungeon (11/15)            Temple (1/1) D:4            Lair (5/5) D:9
  Swamp (0/4) Lair:3        Snake (0/4) Lair:3        Slime (0/5) Lair:4
    Orc (2/2) D:10            Elf (0/3) Orc:2       Volcano (visited)

Altars:
Ashenzari
Cheibriados
Dithmenos
Elyvilon
Fedhas
Gozag
Hepliaklqana
Kikubaaqudgha
Makhleb
Nemelex Xobeh
Okawaru
Qazlal
Ru
Sif Muna
Trog
Uskayaw
Vehumet
Wu Jian
Xom
Yredelemnul
Zin
The Shining One
Lugonu

Shops:
D:4 **   Orc:2 ?(*:

Portals:
Abyss: Lair:5


Innate Abilities, Weirdness & Mutations

You have very sharp teeth.
Your uncanny sense of smell can sniff out nearby items.
Your experience applies equally to all skills.
You are mostly covered in iridescent scales. (AC +4)
Your skin changes colour to match your surroundings (Stealth+).
You expend magic power (3 MP) to strengthen your wands.


Message History

The orc warlord hits you with a +2 dire flail.
The orc misses you. The orc wizard barely misses you.
You riposte.
You thump the orc wizard!
You kill the orc wizard!
Your orc zombie hits the orc warlord but does no damage.
Casting: Vampiric Draining (safe; 1% risk of failure)
Confirm with . or Enter, or press ? or * to list all spells.
Aiming: Vampiric Draining (safe; 1% risk of failure)
Press: ? - help, Shift-Dir - straight line, f - orc warlord, p - orc warlord
Aim: an orc warlord, wielding a +2 dire flail and wearing a +0 chain mail (moderately wounded, strong, unable to see you, ally target)
You feel a surge of power!
You draw life force from the orc warlord!
You feel life coursing into your body.
The orc warlord burns!
The ogre hits your orc sorcerer zombie with a +0 giant spiked club!!
The warg bites your orc zombie.
The orc warlord hits your orc zombie with a +0 great sword!!
Your orc zombie is destroyed!
The orc warlord is wracked by anguish.
Your orc sorcerer zombie closely misses the ogre.
Your orc warrior zombie hits the orc!
The orc dies!
The orc warrior completely misses you.
The orc warlord hits you with a +2 dire flail!!!
* * * LOW HITPOINT WARNING * * *
Your orc sorcerer zombie barely misses the orc warlord.
The orc warlord shouts!
Unknown command.
The orc warlord burns!
Your orc warrior zombie barely misses the orc priest.
The orc warlord completely misses you.
You riposte.
You catch the helpless orc warlord completely off-guard!
You bludgeon the orc warlord!!
The orc warlord is almost dead.
Your orc zombie completely misses the orc warlord.
The ogre hits your orc sorcerer zombie with a +0 giant spiked club!!
The orc knight closely misses you.
Your orc sorcerer zombie hits the ogre.
The ogre dies!
The orc warlord hits you with a +2 dire flail!!!
You die...
Your body rises from the dead as a mindless zombie.

...#..........♣
......).♣......
♣)....)♣.......
..)[.♣......♣..
.♣..[)...[...#
.......)Z.... ♣
~~~~~.ZZ)Z♣....
~~~~.ho@o)....#
~~~~~.ooo)..#..
~...~..Z)......
.......)Z...♣..
........$.[)...
...♣......♣....
#.###..........
♣# ..........#


You could see 2 orc warlords, an orc knight (strong, unable to see you), a warg,
an orc warrior (strong, unable to see you), an orc priest (strong, unable to see
you), a friendly orc zombie, 3 friendly orc warrior zombies and 2 friendly orc
sorcerer zombies.

Vanquished Creatures
  A boulder beetle (Lair:3)
  2 two-headed ogres
  4 orc high priests (Orc:2)
  3 thrashing horrors (Lair:5)
  2 skysharks
  An orb spider (shapeshifter) (Lair:5)
  A bog body (Lair:3)
  3 orc knights (Orc:2)
  2 deep elf pyromancers
  6 orc sorcerers
  An ugly thing (D:7)
  A cyclops (Volcano)
  3 salamanders (Volcano)
  A black mamba (Lair:1)
  An ice statue (Lair:2)
  2 molten gargoyles (Volcano)
  7 cane toads
  A smoke demon (Lair:5)
  A gargoyle (Volcano)
  6 elephants (Lair:5)
  Psyche (D:8)
  3 kobold demonologists
  A rime drake (Lair:4)
  An unseen horror (D:7)
  8 komodo dragons
  An orb spider zombie (Lair:5)
  An ice devil (Lair:2)
  An efreet (Volcano)
  2 ancient zymes (Lair:5)
  2 polar bears
  A hornet (D:8)
  11 dream sheep (Lair:5)
  11 blink frogs (Lair:5)
  Sigmund (D:6)
  A slime creature (D:7)
  A shadow (D:7)
  8 small abominations (Lair:5)
  3 wyverns
  A ynoxinul (Lair:5)
  11 yaks
  A wraith (D:7)
  3 basilisks (Lair:5)
  4 chaos spawn (Lair:5)
  3 vampire mosquitoes (D:10)
  3 acid dragons
  3 swamp worms (Lair:3)
  6 wargs
  10 water moccasins
  2 black bears
  14 orc warriors
  2 sky beasts (D:7)
  5 ice beasts
  4 centaurs
  10 wolves
  9 ogres
  2 kobold brigands (D:8)
  10 bullfrogs
  3 scorpions
  8 wights
  A warg zombie (Orc:2)
  8 killer bees
  An electric eel (Lair:3)
  7 howler monkeys
  A wolf zombie (Lair:3)
  11 orc priests
  5 hounds
  Jessica (D:2)
  7 iguanas
  8 orc wizards
  4 gnolls
  3 orc zombies
  2 adders
  A spectral white imp (Lair:2)
  A worm (D:3)
  50 orcs
  4 bats
  3 endoplasms
  2 giant cockroaches (D:3)
  5 goblins
  8 hobgoblins
  6 jackals
  20 kobolds
  3 quokkas
  4 ball pythons
  2 frilled lizards
  11 rats
400 creatures vanquished.

Vanquished Creatures (collateral kills)
  An orc warlord (Orc:2)
  An ettin (Orc:1)
  A thrashing horror (Lair:5)
  An ugly thing (Lair:5)
  An orc sorcerer (Orc:1)
  A large abomination (Lair:5)
  4 elephants (Lair:5)
  A black mamba (Lair:3)
  A molten gargoyle (Volcano)
  A rime drake (Lair:5)
  2 komodo dragons
  3 polar bears
  A troll (D:10)
  8 blink frogs (Lair:5)
  5 yaks
  3 small abominations (Lair:5)
  3 water moccasins
  An ice beast (Lair:2)
  9 orc warriors
  6 wolves
  A centaur (D:7)
  An ogre (Orc:1)
  2 bullfrogs
  6 wights
  A killer bee (D:8)
  4 howler monkeys
  2 orc priests (Orc:1)
  3 orc wizards
  4 gnolls (D:8)
  A shadow imp (D:8)
  4 white imps
  18 orcs
  3 kobolds
104 creatures vanquished.

Vanquished Creatures (others)
  A two-headed ogre (D:9)
  Urug (Lair:3)
  A wizard (Volcano)
  An orc knight (Orc:2)
  2 orc sorcerers
  2 gargoyles (Volcano)
  An unseen horror zombie (D:7)
  A polar bear (Lair:2)
  A blink frog (Lair:5)
  A shadow (D:11)
  5 yaks
  A vampire mosquito (D:10)
  A naga (Lair:3)
  A skyshark zombie (Lair:5)
  3 cane toad zombies
  4 orc warriors
  6 blink frog zombies (Lair:5)
  6 dream sheep zombies (Lair:5)
  3 elephant zombies (Lair:5)
  A wolf (Lair:3)
  A vampire mosquito zombie (D:10)
  2 salamander zombies (Volcano)
  A rime drake zombie (Lair:5)
  A spectral kobold (D:9)
  A spectral ynoxinul (Lair:5)
  2 kobold brigands
  3 komodo dragon zombies (Lair:5)
  A water moccasin zombie (Lair:1)
  7 yak zombies
  A polar bear zombie (Lair:2)
  6 wolf zombies
  3 centaur zombies (D:7)
  A basilisk zombie (Lair:5)
  6 bullfrog zombies
  An orc priest (Orc:1)
  An orc wizard (Orc:2)
  4 killer bee zombies
  2 ogre zombies (Orc:2)
  2 ice beast zombies (Lair:2)
  2 hound zombies
  2 howler monkey zombies (D:7)
  3 iguana zombies
  2 orcs (Orc:1)
  A goblin zombie (D:7)
  4 kobold zombies
  46 orc zombies
  2 snaplasher vines (Orc:2)
151 creatures vanquished.

Grand Total: 655 creatures vanquished

Notes
Turn   | Place    | Note
-------+----------+-------------------------------------------
     0 | D:1      | GimliDwarf the Gnoll Wanderer began the quest for the Orb.
     0 | D:1      | GimliDwarf set off with the following items: a +0 dagger, a
                  | +0 buckler, a scroll of blinking, a +0 robe, a scroll of
                  | fog; and the following spell memorised: Shock; and the
                  | following spells available to memorise: Poisonous Vapours,
                  | Cigotuvi's Dreadful Rot.
     0 | D:1      | Reached XP level 1. HP: 13/13 MP: 4/4
   153 | D:1      | Reached XP level 2. HP: 19/19 MP: 3/5
   224 | D:1      | Learned a level 2 spell: Poisonous Vapours
   225 | D:1      | Found a faded altar of an unknown god.
   965 | D:2      | Reached XP level 3. HP: 23/25 MP: 7/7
  1006 | D:2      | Noticed Jessica
  1010 | D:2      | Killed Jessica
  1011 | D:2      | Reached skill level 1 in Fighting
  1011 | D:2      | Reached skill level 1 in Short Blades
  1011 | D:2      | Reached skill level 1 in Long Blades
  1011 | D:2      | Reached skill level 1 in Axes
  1011 | D:2      | Reached skill level 1 in Maces & Flails
  1011 | D:2      | Reached skill level 1 in Polearms
  1011 | D:2      | Reached skill level 1 in Staves
  1011 | D:2      | Reached skill level 1 in Ranged Weapons
  1011 | D:2      | Reached skill level 1 in Throwing
  1011 | D:2      | Reached skill level 1 in Armour
  1011 | D:2      | Reached skill level 1 in Dodging
  1011 | D:2      | Reached skill level 1 in Stealth
  1011 | D:2      | Reached skill level 1 in Invocations
  1174 | D:2      | Reached XP level 4. HP: 32/32 MP: 6/8
  2104 | D:3      | Reached skill level 1 in Conjurations
  2104 | D:3      | Reached skill level 1 in Hexes
  2104 | D:3      | Reached skill level 1 in Summonings
  2104 | D:3      | Reached skill level 1 in Necromancy
  2104 | D:3      | Reached skill level 1 in Translocations
  2104 | D:3      | Reached skill level 1 in Transmutations
  2104 | D:3      | Reached skill level 1 in Fire Magic
  2104 | D:3      | Reached skill level 1 in Ice Magic
  2104 | D:3      | Reached skill level 1 in Earth Magic
  2104 | D:3      | Reached skill level 1 in Poison Magic
  2625 | D:3      | Reached XP level 5. HP: 20/37 MP: 3/9
  2909 | D:4      | Found a staircase to the Ecumenical Temple.
  2976 | Temple   | Entered the Ecumenical Temple
  3046 | Temple   | Became a worshipper of Yredelemnul the Dark
  3079 | D:4      | Found a burning altar of Makhleb.
  3082 | D:4      | Reached XP level 6. HP: 44/44 MP: 11/11
  3408 | D:4      | Found Xiling's Specific Store.
  3413 | D:4      | Found Voiwkofi's General Store.
  3421 | D:4      | Bought a scroll of teleportation for 36 gold pieces
  3421 | D:4      | Bought a potion of flight for 36 gold pieces
  3438 | D:4      | Identified the +4 ring mail of Life {+Blink rPois Str-5
                  | Int+2}
  3575 | D:4      | Reached * piety under Yredelemnul
  3621 | D:4      | Identified the +9 sling of the Mashing Visionary {speed,
                  | Contam rPois rCorr}
  4132 | D:4      | Learned a level 1 spell: Slow
  4133 | D:5      | Entered Level 5 of the Dungeon
  4293 | D:5      | Noticed a black bear
  4296 | D:5      | Reached skill level 7 in Unarmed Combat
  4296 | D:5      | Reached XP level 7. HP: 51/51 MP: 9/12
  4545 | D:5      | Found a stormy altar of Qazlal.
  4934 | D:5      | Found an iron altar of Okawaru.
  4934 | D:5      | Found a bloodstained altar of Trog.
  4943 | D:5      | Identified the +0 cloak of Immorality {rF+ rN+ Dex+3
                  | Slay+3}
  5056 | D:6      | Found a sacrificial altar of Ru.
  5278 | D:6      | Reached XP level 8. HP: 58/58 MP: 14/14
  5349 | D:6      | Found a sparkling altar of Nemelex Xobeh.
  5349 | D:6      | Found a hazy altar of Hepliaklqana.
  5414 | D:6      | Found a burning altar of Makhleb.
  5416 | D:6      | Found a broken altar of Ashenzari.
  5416 | D:6      | Found a sparkling altar of Nemelex Xobeh.
  5418 | D:6      | Found an ornate altar of the Wu Jian Council.
  5418 | D:6      | Found a shimmering altar of Xom.
  5418 | D:6      | Found an ornate altar of the Wu Jian Council.
  5443 | D:6      | Noticed Sigmund
  5716 | D:6      | Killed Sigmund
  5748 | D:6      | Learned a level 3 spell: Vampiric Draining
  5793 | D:6      | Gained mutation: You are dopey. (Int -2) [potion of
                  | mutation]
  5793 | D:6      | Gained mutation: Your flesh is heat resistant. (rF+)
                  | [potion of mutation]
  5794 | D:6      | Lost mutation: Your flesh is heat resistant. (rF+) [potion
                  | of mutation]
  5794 | D:6      | Lost mutation: You are dopey. (Int -2) [potion of mutation]
  5794 | D:6      | Gained mutation: You have a somewhat thin skeletal
                  | structure. (Dex +2, Stealth+) [potion of mutation]
  5794 | D:6      | Gained mutation: You expend magic power (3 MP) to
                  | strengthen your wands. [potion of mutation]
  5794 | D:6      | Gained mutation: Your skin changes colour to match your
                  | surroundings (Stealth+). [potion of mutation]
  5901 | D:7      | Reached XP level 9. HP: 50/65 MP: 11/16
  5906 | D:7      | Reached skill level 5 in Spellcasting
  6047 | D:7      | Reached skill level 5 in Shields
  6047 | D:7      | Reached skill level 5 in Evocations
  6064 | D:7      | Found a radiant altar of Vehumet.
  6078 | D:7      | Reached ** piety under Yredelemnul
  6266 | D:7      | Reached skill level 8 in Unarmed Combat
  6299 | D:7      | Noticed an unseen horror
  6314 | D:7      | Killed an unseen horror
  6315 | D:7      | Reached skill level 5 in Invocations
  6315 | D:7      | Identified the +9 quarterstaff "Tolump" {elec, Dex+5}
  6315 | D:7      | Identified the ring of Qufafukeok {AC+4 Str+3}
  6315 | D:7      | Noticed a deep elf pyromancer
  6555 | D:7      | Noticed a green ugly thing
  6575 | D:7      | Killed a green ugly thing
  6576 | D:7      | Reached skill level 5 in Fighting
  6576 | D:7      | Reached skill level 5 in Short Blades
  6576 | D:7      | Reached skill level 5 in Long Blades
  6576 | D:7      | Reached skill level 5 in Axes
  6576 | D:7      | Reached skill level 5 in Maces & Flails
  6576 | D:7      | Reached skill level 5 in Polearms
  6576 | D:7      | Reached skill level 5 in Staves
  6576 | D:7      | Reached skill level 5 in Ranged Weapons
  6576 | D:7      | Reached skill level 5 in Throwing
  6576 | D:7      | Reached skill level 5 in Armour
  6576 | D:7      | Reached skill level 5 in Dodging
  6576 | D:7      | Reached skill level 5 in Stealth
  6576 | D:7      | Reached XP level 10. HP: 63/74 MP: 18/18
  6720 | D:7      | Got the Book of the Arsonist
  6799 | D:7      | Killed a deep elf pyromancer
  6949 | D:7      | Gained mutation: You occasionally lose the ability to drink
                  | potions when taking damage. [mutagenic glow]
  7178 | D:8      | Noticed Psyche
  7187 | D:8      | Killed Psyche
  7390 | D:8      | Gained mutation: You occasionally shout uncontrollably at
                  | your foes. [mutagenic glow]
  7547 | D:8      | Reached *** piety under Yredelemnul
  8235 | D:9      | Noticed a kobold demonologist
  8247 | D:9      | Killed a kobold demonologist
  8248 | D:9      | Reached skill level 9 in Unarmed Combat
  8387 | D:9      | Reached skill level 5 in Conjurations
  8387 | D:9      | Reached skill level 5 in Hexes
  8387 | D:9      | Reached skill level 5 in Summonings
  8387 | D:9      | Reached skill level 5 in Necromancy
  8387 | D:9      | Reached skill level 5 in Translocations
  8387 | D:9      | Reached skill level 5 in Transmutations
  8387 | D:9      | Reached skill level 5 in Fire Magic
  8387 | D:9      | Reached skill level 5 in Ice Magic
  8387 | D:9      | Reached skill level 5 in Earth Magic
  8387 | D:9      | Reached skill level 5 in Poison Magic
  8391 | D:9      | Reached XP level 11. HP: 46/81 MP: 16/21
  8579 | D:9      | Noticed a two-headed ogre
  8620 | D:9      | Killed a two-headed ogre
  8669 | D:9      | Learned a level 4 spell: Anguish
  8674 | D:9      | Learned a level 4 spell: Sticky Flame
  8679 | D:9      | Learned a level 4 spell: Flame Wave
  8810 | D:9      | Found a staircase to the Lair.
  8959 | D:9      | Noticed a two-headed ogre
  8968 | D:9      | Killed a two-headed ogre
  9213 | D:10     | Entered Level 10 of the Dungeon
  9480 | D:10     | Found a staircase to the Orcish Mines.
  9602 | D:10     | Reached **** piety under Yredelemnul
  9631 | D:10     | Found a blossoming altar of Fedhas.
  9965 | D:10     | Reached ***** piety under Yredelemnul
 10017 | D:10     | Reached ****** piety under Yredelemnul
 10452 | D:11     | Noticed a white ugly thing
 10455 | D:11     | Noticed a manticore
 10455 | D:11     | Noticed a cyclops
 10479 | D:11     | Noticed a two-headed ogre
 10494 | D:11     | Killed a two-headed ogre
 10535 | D:11     | Noticed a purple ugly thing
 10832 | Lair:1   | Entered Level 1 of the Lair of Beasts
 10923 | Lair:1   | Reached XP level 12. HP: 88/91 MP: 23/23
 10961 | Lair:1   | Noticed a skyshark
 10974 | Lair:1   | Killed a skyshark
 11010 | Lair:1   | Found a dark tunnel.
 11022 | Lair:1   | Learned a level 5 spell: Freezing Cloud
 11024 | Volcano  | Entered a volcano
 11577 | Volcano  | Noticed an orb of fire
 11579 | Volcano  | Reached skill level 10 in Unarmed Combat
 11582 | Volcano  | Noticed an orb of fire
 13120 | Lair:2   | Learned a level 2 spell: Scorch
 13379 | Lair:2   | Identified the ring of Yendor {rPois rC+ Stlth+}
 13956 | Lair:2   | Reached XP level 13. HP: 81/98 MP: 25/25
 14275 | Lair:2   | Identified the staff of cold "Leseun" {Fly rC+ Int-3
                  | Stlth+}
 14712 | Lair:3   | Found a staircase to the Snake Pit.
 14932 | Lair:3   | Reached skill level 10 in Air Magic
 14949 | Lair:3   | Found a staircase to the Swamp.
 15404 | Lair:3   | Noticed Urug
 15409 | Lair:3   | Killed Urug
 15619 | Lair:3   | Learned a level 5 spell: Borgnjor's Vile Clutch
 16000 | Lair:4   | Found a staircase to the Slime Pits.
 16352 | Lair:4   | Lost mutation: You occasionally lose the ability to drink
                  | potions when taking damage. [potion of mutation]
 16352 | Lair:4   | Lost mutation: You have a somewhat thin skeletal structure.
                  | (Dex +2, Stealth+) [potion of mutation]
 16352 | Lair:4   | Gained mutation: You are partially covered in iridescent
                  | scales. (AC +2) [potion of mutation]
 16352 | Lair:4   | Gained mutation: You have a pair of small antennae on your
                  | head. [potion of mutation]
 16876 | Lair:5   | Entered Level 5 of the Lair of Beasts
 17200 | Lair:5   | Reached skill level 11 in Unarmed Combat
 17423 | Lair:5   | Lost mutation: You occasionally shout uncontrollably at
                  | your foes. [potion of mutation]
 17423 | Lair:5   | Lost mutation: You have a pair of small antennae on your
                  | head. [potion of mutation]
 17423 | Lair:5   | Gained mutation: You are mostly covered in iridescent
                  | scales. (AC +4) [potion of mutation]
 17623 | Lair:5   | Reached skill level 10 in Invocations
 17623 | Lair:5   | Reached XP level 14. HP: 92/108 MP: 20/27
 17801 | Lair:5   | Found a broken altar of Ashenzari.
 17976 | Lair:5   | Learned a level 5 spell: Summon Forest
 18338 | Lair:5   | Reached skill level 10 in Spellcasting
 18513 | Lair:5   | Found a corrupted altar of Lugonu.
 18513 | Lair:5   | Found a one-way gate to the infinite horrors of the Abyss.
 18520 | Lair:5   | Identified the staff of poison "Nuriat" {Drain rPois rN+
                  | rCorr Str+5}
 18772 | Lair:5   | Identified a scroll of acquirement
 18779 | Lair:5   | Reached skill level 10 in Shields
 18779 | Lair:5   | Reached skill level 10 in Evocations
 18779 | Lair:5   | Reached XP level 15. HP: 115/115 MP: 29/29
 18780 | Lair:5   | Acquired the +0 pair of fencer's gloves {Riposte Dex+3}
 18780 | Lair:5   | Found the +0 pair of fencer's gloves {Riposte Dex+3}
 19112 | Orc:1    | Entered Level 1 of the Orcish Mines
 19289 | Orc:2    | Entered Level 2 of the Orcish Mines
 19289 | Orc:2    | Found a staircase to the Elven Halls.
 19323 | Orc:2    | Noticed an orc warlord
 19331 | Orc:2    | Killed an orc warlord
 19535 | Orc:2    | Reached skill level 10 in Fighting
 19535 | Orc:2    | Reached skill level 10 in Short Blades
 19535 | Orc:2    | Reached skill level 10 in Long Blades
 19535 | Orc:2    | Reached skill level 10 in Axes
 19535 | Orc:2    | Reached skill level 10 in Maces & Flails
 19535 | Orc:2    | Reached skill level 10 in Polearms
 19535 | Orc:2    | Reached skill level 10 in Staves
 19535 | Orc:2    | Reached skill level 10 in Ranged Weapons
 19535 | Orc:2    | Reached skill level 10 in Throwing
 19535 | Orc:2    | Reached skill level 10 in Armour
 19535 | Orc:2    | Reached skill level 10 in Dodging
 19535 | Orc:2    | Reached skill level 10 in Stealth
 19654 | Orc:2    | Paralysed by an orc sorcerer for 3 turns
 20296 | Orc:2    | Reached skill level 12 in Unarmed Combat
 20359 | Orc:2    | Paralysed by an orc sorcerer for 5 turns
 20439 | Orc:2    | Found Tiots's Magic Scroll Shop.
 20439 | Orc:2    | Found Cotyer's Weapon Shoppe.
 20441 | Orc:2    | Found Bilih's General Store.
 20441 | Orc:2    | Found Rastoth's Book Shoppe.
 20450 | Orc:2    | Bought a scroll of enchant armour for 97 gold pieces
 20544 | Orc:1    | Noticed an orc warlord
 20549 | Orc:1    | Noticed an orc warlord
 21027 | Orc:1    | Demolished by an orc warlord

Illustrated notes

Levels and vault maps discovered:
D:1:      dpeg_arrival_ternary, layout_loops_cross,
          hellmonk_ecumenical_altar_crossroads, minmay_rat_gold_closets
D:2:      layout_loops_cross, serial_bayou_ford_a,
          corexii_item_surrounded_by_moat, uniq_jessica
D:3:      layout_basic
D:4:      minmay_wonky_spiral, layout_loops_corners,
          mainiacjoe_overflow_cross_hatched, minmay_temple_entry_large_hall,
          grunt_ministairs_7, nicolae_specific_store
D:5:      layout_loops_ring, grunt_temple_overflow_bloody_war,
          nicolae_qazlal_general_emergency
D:6:      layout_rooms, mainiacjoe_overflow_24_doors, doesnt_xom_only_xom,
          mainiacjoe_overflow_large_starburst, chequers_serial_rivers_large_b,
          uniq_sigmund
D:7:      minmay_the_grid_triangle_9x9_rhombus_thin
          [minmay_the_grid_triangle_9x9_warning,
          minmay_the_grid_triangle_9x9_prize_schism,
          minmay_the_grid_triangle_9x9_swiss_cheese,
          minmay_the_grid_triangle_9x9_semitri], layout_cave_pools,
          vehumet_altar_wand_db
D:8:      layout_basic, patterned_corridor, uniq_psyche
D:9:      layout_gridville, david_lair_shrubbed
D:10:     layout_loops_ring, fedhas_altar_2, orc_0_dummy
D:11:     layout_rooms, ebering_ghost_reflecting_pool, minmay_misc_feat_five
Temple:   nicolae_temple_x_marks_the_god
Lair:1:   layout_regular_city, enter_volcano_1, ldierk_geyser
Lair:2:   layout_cave_pods, st_stairs_7, serial_bayou_pond_b, ice2_lemuel,
          lemuel_fruit_tree
Lair:3:   layout_cellular_growth, nicolae_swamp_entry_splash_gauntlet,
          minmay_snake_entry_guardpost_small, uniq_urug
Lair:4:   layout_big_grid, slime_entry_1, grunt_forest_small_clearings,
          chequers_serial_rivers_room_b
Lair:5:   hellmonk_lair_end_abyssal_woods, layout_loops_ring, basic_altar
Orc:1:    layout_caves, okawaru_metal_pillars_1_2
Orc:2:    grunt_orc_tribal_feast, layout_diamond_mine, nicolae_orc_tapped_out

Skill      XL: |  1  2  3  4  5  6  7  8  9 10 11 12 13 14 15 |
---------------+----------------------------------------------+-----
Fighting       | 1 2 3 5 6 7 8 9 10 | 10.3
Short Blades   | 1 2 3 5 6 7 8 9 10 | 10.3
Long Blades    | 1 2 3 5 6 7 8 9 10 | 10.3
Axes           | 1 2 3 5 6 7 8 9 10 | 10.3
Maces & Flails | 1 2 3 5 6 7 8 9 10 | 10.3
Polearms       | 1 2 3 5 6 7 8 9 10 | 10.3
Staves         | 1 2 3 5 6 7 8 9 10 | 10.3
Ranged Weapons | 1 2 3 5 6 7 8 9 10 | 10.3
Throwing       | 1 2 3 5 6 7 8 9 10 | 10.3
Armour         | 1 2 3 5 6 7 8 9 10 | 10.3
Dodging        | 1 2 3 5 6 7 8 9 10 | 10.3
Stealth        | 1 2 3 5 6 7 8 9 10 | 10.3
Invocations    | 1 2 3 4 5 6 7 8 10 11 | 11.2
Spellcasting   | 3 4 5 6 7 8 9 10 | 10.7
Conjurations   | 1 2 3 4 5 6 7 8 |  8.6
Hexes          | 1 2 3 4 5 6 7 8 |  8.6
Summonings     | 1 2 3 4 5 6 7 8 |  8.6
Necromancy     | 1 2 3 4 5 6 7 8 |  8.6
Translocations | 1 2 3 4 5 6 7 8 |  8.6
Transmutations | 1 2 3 4 5 6 7 8 |  8.6
Fire Magic     | 1 2 3 4 5 6 7 8 |  8.6
Ice Magic      | 1 2 3 4 5 6 7 8 |  8.6
Earth Magic    | 1 2 3 4 5 6 7 8 |  8.6
Poison Magic   | 1 2 3 4 5 6 7 8 |  8.6
Shields        | 3 4 5 6 7 8 9 10 | 10.6
Evocations     | 3 4 5 6 7 8 9 10 | 10.6
Unarmed Combat | 7 8 9 10 11 12 | 12.1
Air Magic      | 8 9 10 11 | 11.1

Action                     |  1- 3 |  4- 6 |  7- 9 | 10-12 | 13-15 || total
---------------------------+-------+-------+-------+-------+-------++-------
  Melee: Rapier            |       |     1 |     6 |       |       ||     7
         Quarterstaff      |       |       |       |   257 |   292 ||   549
         Bite              |       |       |       |    31 |    46 ||    77
   Fire: Sling             |    34 |    98 |   149 |    35 |       ||   316
   Cast: Shock             |    19 |    22 |       |     5 |       ||    46
         Poisonous Vapours |     2 |    12 |    27 |    27 |       ||    68
         Slow              |       |       |     1 |       |       ||     1
         Vampiric Draining |       |       |     1 |    30 |    11 ||    42
         Anguish           |       |       |       |    24 |    19 ||    43
         Sticky Flame      |       |       |       |     9 |    19 ||    28
         Flame Wave        |       |       |       |     1 |     1 ||     2
         Freezing Cloud    |       |       |       |    11 |    14 ||    25
         Scorch            |       |       |       |     2 |    18 ||    20
         Borgnjor's Vile C |       |       |       |       |    17 ||    17
         Summon Forest     |       |       |       |       |     8 ||     8
  Evoke: Wand              |       |       |     4 |    25 |       ||    29
    Use: Scroll            |       |     8 |     5 |     9 |    11 ||    33
         Potion            |       |       |     2 |     5 |     9 ||    16
   Stab: Sleeping          |       |       |       |    14 |     8 ||    22
         Distracted        |       |       |       |     3 |    12 ||    15
         Invisible         |       |       |       |       |     7 ||     7
 Armour: Robe              |     6 |    16 |    11 |    84 |    85 ||   202
  Dodge: Dodged            |     7 |    22 |    29 |   349 |   341 ||   748
  Block: Buckler           |       |     9 |    22 |     1 |       ||    32
Riposte: Quarterstaff      |       |       |       |       |    35 ||    35
